 Dungeon Crawl Stone Soup version 0.28.0 (webtiles) character file.

Game seed: 4261175733846253429

2009 SnakkuSnakku7 the Basher (level 9, -10/51 HPs)
             Began as a Kobold Warper on Feb 9, 2022.
             Was an Initiate of Okawaru.
             Mangled by a two-headed ogre (25 damage)
             ... on level 7 of the Dungeon.
             The game lasted 00:12:03 (10975 turns).

SnakkuSnakku7 the Basher (Kobold Warper)           Turns: 10975, Time: 00:12:04

Health: -10/51     AC:  8    Str: 18    XL:     9   Next: 46%
Magic:  12/12      EV: 12    Int: 14    God:    Okawaru [......]
Gold:   322        SH:  6    Dex: 15    Spells: 12/12 levels left

rFire   . . .      SeeInvis .   a - +8 mace of the Evening {vamp, Fly}
rCold   . . .      Faith    .   w - +0 buckler
rNeg    + . .      Spirit   .   i - +0 scale mail
rPois   .          Reflect  .   (no helmet)
rElec   .          Harm     .   c - +1 cloak
rCorr   .          Rampage  .   (no gloves)
Will    .....                   (no boots)
Stlth   +.........              (no amulet)
HPRegen 0.17/turn               g - ring of positive energy
MPRegen 0.13/turn               q - +6 ring of strength

@: flying
A: small, no large weapons, nightstalker 3
a: Renounce Religion


You were on level 7 of the Dungeon.
You worshipped Okawaru.
Okawaru was noncommittal.
You visited 2 branches of the dungeon, and saw 8 of its levels.
You also visited: Ossuary.

You collected 322 gold pieces.

Inventory:

Hand Weapons
 a - the +8 mace of the Evening (weapon) {vamp, Fly}
   (You found it on level 6 of the Dungeon)

   It occasionally heals its wielder for a portion of the damage dealt when it
   wounds a living foe.
   Fly:       It grants you flight.
 n - a +0 flail
 u - a +0 mace
Missiles
 k - 11 poisoned darts (quivered)
 s - a boomerang
Armour
 b - a +0 leather armour
 c - a +1 cloak (worn)
 i - a +0 scale mail (worn)
 w - a +0 buckler (worn)
 y - a +0 kite shield
Jewellery
 g - a ring of positive energy (left hand)
 q - a +6 ring of strength (right hand)
Wands
 m - a wand of polymorph (12)
Scrolls
 f - a scroll of fog
 h - 2 scrolls of enchant armour
 j - 2 scrolls of silence
Potions
 d - a potion of haste
 e - a potion of curing
 l - a potion of resistance {unknown}
 o - a potion of might {unknown}
 p - a potion of mutation {unknown}
 r - a potion of brilliance {unknown}
 t - a potion of invisibility {unknown}
 v - 2 potions of flight {unknown}
 x - 2 potions of cancellation {unknown}
 z - a potion of berserk rage {unknown}


   Skills:
 - Level 3.2 Fighting
 + Level 8.8 Maces & Flails
 - Level 4.0 Throwing
 - Level 0.7 Armour
 - Level 2.4 Dodging
 + Level 4.6 Shields
 - Level 2.1 Spellcasting
 - Level 3.0 Translocations


You had 12 spell levels left.
You didn't know any spells.
Your spell library contained the following spells:

 Spells                   Type           Power      Damage    Failure   Level
 Blink                    Tloc           18%        N/A       45%         2
 Gell's Gravitas          Tloc           9%         N/A       69%         3
 Lesser Beckoning         Tloc           9%         N/A       69%         3
 Teleport Other           Tloc           9%         N/A       69%         3
 Pain                     Necr           4%         1d4       75%         1
 Passage of Golubria      Tloc           9%         N/A       97%         4
 Confusing Touch          Hex            1%         N/A       98%         3
 Vampiric Draining        Necr           1%         2d6       98%         3
 Manifold Assault         Tloc           9%         N/A       100%        5
 Yara's Violent Unravell  Hex/Tmut       0%         3d3       100%        5
 Enfeeble                 Hex            0%         N/A       100%        7
 Animate Skeleton         Necr           Unusable   N/A       N/A         1
 Tukima's Dance           Hex            Unusable   N/A       N/A         3

Dungeon Overview and Level Annotations

Branches:
Dungeon (7/15)             Temple (1/1) D:6         Ossuary (visited)

Altars:
Ashenzari
Cheibriados
Dithmenos
Elyvilon
Fedhas
Gozag
Hepliaklqana
Kikubaaqudgha
Makhleb
Okawaru
Qazlal
Ru
Sif Muna
Trog
Uskayaw
Wu Jian
Yredelemnul
Zin
The Shining One


Innate Abilities, Weirdness & Mutations

You are small and have problems with some larger weapons.
You are completely attuned to the shadows.


Message History

Aim: a two-headed ogre, wielding a +0 giant club and a +0 dire flail (76% to hit)
You throw a poisoned dart.
The poisoned dart hits the two-headed ogre!
The two-headed ogre is poisoned.
You hear a splash.
Throw: 14 darts (poison)
Press: ? - help, Q - select action, (/) - cycle Shift-Dir - straight line, f/p - two-headed ogre
Aim: a two-headed ogre, wielding a +0 giant club and a +0 dire flail (lightly wounded, very poisoned, 76% to hit)
You throw a poisoned dart.
The poisoned dart closely misses the two-headed ogre.
Throw: 13 darts (poison)
Press: ? - help, Q - select action, (/) - cycle Shift-Dir - straight line, f/p - two-headed ogre
Aim: a two-headed ogre, wielding a +0 giant club and a +0 dire flail (lightly wounded, very poisoned, 76% to hit)
You throw a poisoned dart.
The poisoned dart hits the two-headed ogre!
The two-headed ogre looks as sick as possible!
The two-headed ogre is lightly wounded.
Throw: 12 darts (poison)
Press: ? - help, Q - select action, (/) - cycle Shift-Dir - straight line, f/p - two-headed ogre
Aim: a two-headed ogre, wielding a +0 giant club and a +0 dire flail (lightly wounded, extremely poisoned, 76% to hit)
You throw a poisoned dart.
The poisoned dart hits the two-headed ogre!
The two-headed ogre looks as sick as possible!
The two-headed ogre is lightly wounded.
You sock the two-headed ogre!
The two-headed ogre is moderately wounded.
The two-headed ogre hits you with a +0 giant club.
The two-headed ogre barely misses you.
You barely miss the two-headed ogre.
The two-headed ogre is moderately wounded.
You thump the two-headed ogre!
You feel better.
The two-headed ogre is moderately wounded.
The two-headed ogre hits you with a +0 giant club!!
The two-headed ogre hits you with a +0 dire flail!
* * * LOW HITPOINT WARNING * * *
You are too injured to fight recklessly!
You are too injured to fight recklessly!
Okay, then.
The two-headed ogre hits you with a +0 giant club!!
You die...

### #.....# #.##.## ..#
##....# #.##.# #.#
##'#...#.##.# #.# #
#.#####....# #.# #.# #.#
######.#
#.#################.###......#
#....................##<######
#.....................#.#
#..............O@...<##.#
###################.###.######
#.# ###.###.##...# #.#
#..........#.# #.#
###.######.#.# #.# #.# #.#.#
#.# #.### #.#.# #.#
##.#.####.#.# #.### ###
#.......#.#.####


You could see a two-headed ogre (very poisoned).

Vanquished Creatures
  A steam dragon (D:7)
  An ice beast (D:6)
  A sky beast (D:6)
  3 ogres
  A necrophage (D:4)
  A centaur (D:7)
  An elf zombie (Ossuary)
  A kobold brigand (D:6)
  A bullfrog (D:6)
  A wyvern zombie (D:7)
  A scorpion (D:4)
  A wyvern skeleton (D:6)
  3 orc priests
  2 hounds
  2 jellies
  3 human zombies (Ossuary)
  A centaur skeleton (D:6)
  A gnoll shaman (D:5)
  Jessica (D:2)
  4 iguanas
  3 orc wizards (D:6)
  A hound skeleton (D:2)
  2 mummies (Ossuary)
  7 gnolls
  8 adders
  A shadow imp (D:5)
  2 ufetubi
  An adder zombie (D:5)
  2 worms
  5 dart slugs
  17 orcs
  5 ball pythons
  7 bats
  6 endoplasms
  7 giant cockroaches
  6 goblins
  8 hobgoblins
  8 jackals
  13 kobolds
  2 quokkas
  4 frilled lizards
  11 hobgoblin zombies (Ossuary)
  A jackal zombie (Ossuary)
  5 kobold zombies (Ossuary)
  9 orc zombies (Ossuary)
  7 rats
  6 rat zombies (Ossuary)
185 creatures vanquished.

Vanquished Creatures (others)
  11 demonic plants (D:3)
  10 fungi
  11 plants (D:3)
  4 withered plants (D:3)
36 creatures vanquished.

Grand Total: 221 creatures vanquished

Notes
Turn   | Place    | Note
-------+----------+-------------------------------------------
     0 | D:1      | SnakkuSnakku7 the Kobold Warper began the quest for the
                  | Orb.
     0 | D:1      | Reached XP level 1. HP: 12/12 MP: 3/3
   105 | D:1      | Reached skill level 2 in Maces & Flails
   253 | D:1      | Reached XP level 2. HP: 18/18 MP: 5/5
   952 | D:1      | Reached XP level 3. HP: 23/23 MP: 6/6
  1349 | D:2      | Found an ornate altar of the Wu Jian Council.
  1612 | D:2      | Reached XP level 4. HP: 11/28 MP: 7/7
  1617 | D:2      | Reached skill level 3 in Maces & Flails
  2399 | D:2      | Reached XP level 5. HP: 24/32 MP: 8/8
  2524 | D:2      | Noticed an ogre
  2564 | D:2      | Killed an ogre
  2857 | D:2      | Reached XP level 6. HP: 33/37 MP: 9/9
  3034 | D:2      | Noticed Jessica
  3044 | D:2      | Killed Jessica
  3045 | D:2      | Reached skill level 4 in Maces & Flails
  3467 | D:3      | Found an ancient bone altar of Kikubaaqudgha.
  3467 | D:3      | Found a bloodstained altar of Trog.
  3639 | D:3      | Found a faded altar of an unknown god.
  4444 | D:3      | Found a stormy altar of Qazlal.
  4753 | D:4      | Reached XP level 7. HP: 26/41 MP: 10/10
  4882 | D:4      | Reached skill level 5 in Maces & Flails
  5428 | D:4      | Found a broken altar of Ashenzari.
  5428 | D:4      | Found a burning altar of Makhleb.
  5428 | D:4      | Found a white marble altar of Elyvilon.
  5616 | D:4      | Reached skill level 6 in Maces & Flails
  5992 | D:4      | Found a blossoming altar of Fedhas.
  6065 | D:4      | Found a shadowy altar of Dithmenos.
  6263 | D:5      | Entered Level 5 of the Dungeon
  6364 | D:5      | Reached XP level 8. HP: 14/46 MP: 11/11
  7687 | D:5      | Found a snail-covered altar of Cheibriados.
  7832 | D:5      | Reached skill level 7 in Maces & Flails
  7832 | D:5      | Reached skill level 1 in Shields
  8488 | D:6      | Found a sand-covered staircase.
  8496 | Ossuary  | Entered an ossuary
  9704 | D:6      | Reached skill level 8 in Maces & Flails
  9704 | D:6      | Reached XP level 9. HP: 38/51 MP: 12/12
  9748 | D:6      | Identified the +8 mace of the Evening {vamp, Fly}
 10311 | D:6      | Found a staircase to the Ecumenical Temple.
 10319 | Temple   | Entered the Ecumenical Temple
 10475 | Temple   | Became a worshipper of Warmaster Okawaru
 10741 | D:7      | Found a hide-covered altar of Uskayaw.
 10950 | D:7      | Noticed a two-headed ogre
 10975 | D:7      | Mangled by a two-headed ogre

Illustrated notes

Levels and vault maps discovered:
D:1:      saegor_arrival_simple_a, layout_rooms, minmay_crystal_water,
          nrook_uturn, minmay_heptomino_w4
D:2:      layout_basic, basic_altar, uniq_jessica
D:3:      layout_loops_ring, gammafunk_temple_overflow_statue,
          nicolae_qazlal_eye_of_the_storm, shapermc_ecumenical_altar_gd,
          serial_bayou_pond_c
D:4:      layout_cave_pools, nicolae_dithmenos_through_a_glass_darkly,
          mainiacjoe_overflow_boulevard,
          chequers_temple_overflow_statue_of_worship
D:5:      nicolae_cairo_tiling_large, layout_loops_corners, lemuel_round_altar
D:6:      layout_rooms, temple_green, nicolae_ossuary_entry_ruins
D:7:      layout_loops_corners, eat_drink_and_be_merry_uskayaw, kennysheep_mini,
          serial_co_window_serial, co_window_paths_b, co_window_paths_a,
          co_window_corner_a, co_window_paths_b, co_window_paths_b,
          co_window_cross_1, co_window_corner_b, co_window_unsneaky_path_b,
          co_window_broadway_c, co_window_corner_cb, co_window_corner_cb,
          glass_columns_a, glass_columns_c, chequers_serial_rivers_small_a
Temple:   jpeg_temple_island

Skill      XL: |  1  2  3  4  5  6  7  8  9 |
---------------+----------------------------+-----
Maces & Flails | 2 3 4 6 8 |  8.8
Fighting       | 3 |  3.2
Throwing       | 2 3 4 |  4.0
Shields        | 3 4 |  4.6
Armour         | |  0.7
Dodging        | |  2.4
Spellcasting   | |  2.1
Translocations | |  3.0

Action                   |  1- 3 |  4- 6 |  7- 9 || total
-------------------------+-------+-------+-------++-------
Melee: Mace              |   106 |   211 |   178 ||   495
       Punch             |     1 |     2 |     1 ||     4
       Flail             |       |       |   262 ||   262
Throw: Dart              |     3 |    21 |    34 ||    58
       Boomerang         |       |     5 |     6 ||    11
  Use: Scroll            |       |     3 |     7 ||    10
       Potion            |       |     1 |       ||     1
 Stab: Sleeping          |     6 |     1 |     1 ||     8
Armor: Leather armour    |    16 |       |       ||    16
       Scale mail        |     7 |    92 |   152 ||   251
Dodge: Dodged            |    79 |   134 |   225 ||   438
Block: Buckler           |       |       |    80 ||    80
